Map: Ley Lines

Players

Astrea

  • Race: Terran Terran
  • League: Grandmaster
  • Spawn Location: 7:00

acheron - Winner!

  • Race: Protoss Protoss
  • League: Master
  • Spawn Location: 1:00

VOD

Have the link to the VOD?

Description

Time

  • Played on: June 24, 2025, 8:29 p.m.
  • Length: 24:25
Show
View Real Time Build Order
Export as new Build Order

Astrea Terran 

Build Orders:  

Get SALT Encoding   

  12  0:00  SCV  
  13  0:12  SCV  
  14  0:17  Supply Depot  
  14  0:24  SCV  
  15  0:38  Barracks  
  15  0:39  SCV  
  16  0:45  Refinery  
  16  0:51  SCV  
  16  0:55  Refinery  
  18  1:10  Barracks  
  18  1:11  SCV  
  18  1:23  SCV  
  19  1:35  SCV  
  20  1:41  Command Center  
  20  1:47  SCV  
  21  1:59  Marine  
  21  2:01  Orbital Command  
  22  2:10  Factory  
  22  2:22  Supply Depot  
  22  2:26  SCV  
  23  2:35  Barracks Reactor  
  23  2:44  SCV  
  24  2:53  Factory Tech Lab  
  24  2:54  Orbital Command  
  24  2:56  SCV, Starport  
  25  3:08  SCV  
  25  3:11  Marine x2  
  25  3:12  Cyclone  
  31  3:19  Orbital Command  
  31  3:20  SCV  
  32  3:28  Marine  
  32  3:29  Marine  
  32  3:32  SCV  
  31  3:34  Medivac  
  35  3:37  Supply Depot  
  37  3:44  SCV  
  37  3:45  Widow Mine  
  37  3:46  Marine x2  
  37  3:47  SCV  
  43  3:55  Supply Depot  
  43  3:56  SCV  
  43  3:59  SCV  
  45  4:06  Siege Tank, Marine x2  
  45  4:09  SCV  
  51  4:13  SCV  
  51  4:15  Starport Tech Lab  
  52  4:18  Barracks  
  52  4:20  Supply Depot  
  52  4:21  SCV  
  53  4:25  SCV  
  53  4:29  Marine x2  
  56  4:33  SCV  
  56  4:37  SCV  
  58  4:39  Siege Tank  
  61  4:46  SCV  
  61  4:47  Marine x2  
  61  4:49  SCV  
  61  4:51  Raven  
  67  4:55  Barracks  
  67  4:58  SCV  
  68  5:02  SCV  
  68  5:03  Refinery  
  68  5:05  Marine x2  
  62  5:07  Engineering Bay  
  62  5:10  SCV  
  62  5:14  SCV  
  64  5:16  Factory Reactor, Supply Depot  
  64  5:18  Refinery  
  64  5:22  SCV  
  64  5:26  SCV, Stimpack, Marine x2  
  64  5:27  Marine  
  69  5:33  Supply Depot  
  69  5:34  SCV, Terran Infantry Weapons Level 1  
  70  5:38  SCV  
  70  5:47  SCV  
  70  5:50  SCV, Combat Shield  
  70  5:51  Marine x3  
  74  5:59  SCV  
  74  6:02  SCV, Command Center, Medivac  
  78  6:07  Medivac  
  80  6:17  Marine x2, Marauder  
  80  6:18  Factory Reactor, Marauder  
  83  6:23  Supply Depot  
  82  6:27  SCV x2  
  84  6:34  Medivac  
  86  6:44  Marine x2, Supply Depot  
  86  6:45  SCV x2, Marauder x2  
  94  7:01  Supply Depot, Barracks x2  
  94  7:05  SCV x2, Widow Mine x2  
  100  7:09  Marauder  
  100  7:13  Marauder  
  105  7:17  SCV x2  
  105  7:19  Supply Depot  
  100  7:24  Ghost Academy  
  100  7:26  Marine x2  
  100  7:29  SCV, Viking  
  97  7:31  Viking  
  97  7:32  SCV  
  97  7:35  Terran Infantry Armor Level 1  
  100  7:42  Marauder  
  100  7:43  Widow Mine  
  104  7:44  Widow Mine  
  104  7:48  SCV x2  
  108  7:54  Orbital Command  
  108  7:57  Barracks Tech Lab, Barracks Reactor  
  108  8:00  SCV  
  108  8:01  SCV  
  108  8:03  Marauder  
  108  8:04  Widow Mine  
  114  8:05  Missile Turret  
  114  8:08  Bunker  
  114  8:11  Marauder, Marine  
  114  8:12  Supply Depot  
  117  8:13  SCV x2  
  117  8:17  Ghost  
  122  8:22  Refinery  
  122  8:23  Refinery, Ghost  
  122  8:25  SCV  
  122  8:26  SCV  
  122  8:27  SCV, Marine  
  128  8:29  Marine  
  128  8:33  Widow Mine, Ghost  
  128  8:34  Widow Mine  
  137  8:36  Supply Depot  
  137  8:37  SCV  
  137  8:39  SCV, Supply Depot  
  137  8:40  Supply Depot  
  139  8:48  Marine  
  139  8:49  Marine, Armory  
  139  8:51  Engineering Bay  
  139  8:55  Supply Depot  
  141  8:57  Ghost x2  
  141  9:01  Widow Mine x2  
  151  9:06  Marine x2, Marauder  
  155  9:10  Command Center  
  155  9:13  Supply Depot  
  155  9:14  Supply Depot  
  155  9:19  Marine  
  155  9:23  Viking  
  158  9:25  Supply Depot  
  158  9:26  Marauder x2  
  158  9:28  Viking  
  164  9:33  Supply Depot  
  164  9:35  Terran Infantry Armor Level 2, Terran Infantry Weapons Level 2  
  164  9:37  Terran Ship Weapons Level 1  
  164  9:38  SCV x2  
  164  9:39  SCV  
  164  9:54  Marine x3, Marauder x3  
  164  9:55  Widow Mine x2  
  164  9:58  SCV x2  
  177  10:03  Supply Depot  
  167  10:18  Barracks  
  167  10:19  Barracks  
  167  10:21  Barracks  
  167  10:22  Marine x4, Marauder x3  
  167  10:26  SCV x2  
  167  10:28  SCV  
  178  10:38  SCV x2  
  178  10:39  Marine  
  178  10:40  SCV  
  181  10:43  Marauder  
  181  10:44  Sensor Tower  
  181  10:45  Marine  
  181  10:46  Marine, Marauder x2  
  181  10:48  Medivac  
  190  10:54  Medivac  
  182  11:06  Planetary Fortress  
  182  11:07  Marauder  
  181  11:13  SCV  
  181  11:18  Command Center, Medivac  
  182  11:19  Barracks Tech Lab x2  
  182  11:26  Medivac  
  182  11:27  Missile Turret  
  184  11:37  Marauder x2, Terran Ship Weapons Level 2  
  188  11:41  Refinery  
  188  11:42  Starport, Refinery  
  185  11:47  Ghost x3  
  185  11:48  Medivac  
  185  11:52  Personal Cloaking  
  196  11:57  Ghost  
  179  12:06  Marauder  
  181  12:15  Marine x3  
  177  12:16  Marauder x2  
  177  12:17  Marauder  
  177  12:20  Command Center  
  177  12:22  Barracks Reactor  
  186  12:27  Marauder  
  186  12:29  Ghost  
  187  12:30  Marine  
  187  12:33  Marine, Terran Infantry Weapons Level 3, Medivac x2, Terran Infantry Armor Level 3  
  187  12:34  Starport Reactor  
  193  12:37  Ghost  
  196  12:48  Marauder x2  
  200  12:57  Command Center x2, Concussive Shells  
  184  13:05  Marauder, Marine  
  184  13:06  Marauder x2, Marine x5  
  184  13:09  Marine, Marauder  
  195  13:14  Medivac  
  195  13:16  Armory  
  197  13:23  Marine  
  197  13:26  Missile Turret  
  198  13:29  Sensor Tower  
  198  13:33  Marauder x2  
  196  13:37  Sensor Tower  
  196  13:38  Viking x2  
  196  13:39  Viking  
  186  13:52  Viking  
  184  14:07  Terran Ship Weapons Level 3  
  184  14:08  Viking x2  
  184  14:09  Viking  
  190  14:13  Marauder x4, Marine  
  199  14:22  Viking  
  199  14:30  Marine  
  199  14:31  Marauder  
  191  14:34  Marauder x2  
  191  14:36  Terran Vehicle And Ship Armor Level 1  
  187  14:38  Planetary Fortress, Orbital Command  
  187  14:41  Planetary Fortress  
  187  14:52  Marine x6, Marauder  
  190  14:53  Marauder x2  
  190  14:55  Marine x2  
  192  15:10  Marine x4  
  192  15:13  Marauder x2  
  200  15:49  Viking  
  196  15:54  Viking x2  
  195  16:03  Marauder x3, Viking  
  173  16:17  Ghost x2  
  173  16:18  Marine x4  
  173  16:19  Viking  
  173  16:24  Viking x2, Ghost x2  
  179  16:28  Orbital Command  
  179  16:30  Marine, Marauder  
  182  16:33  Viking  
  182  16:36  SCV x2  
  182  16:37  SCV x4  
  190  16:46  Marauder  
  192  16:49  Viking  
  192  16:53  Viking  
  192  16:54  Viking  
  194  16:56  Marauder x3  
  194  16:59  SCV  
  144  17:15  Marine  
  144  17:16  Marine x3, Marauder x2  
  144  17:17  Marauder  
  141  17:24  Marine, Ghost x2  
  148  17:30  Marine  
  148  17:33  Marine  
  148  17:35  SCV x2  
  148  17:36  SCV, Ghost x2  
  145  17:38  SCV, Ghost  
  145  17:40  Marine x2  
  156  17:45  Medivac x2  
  160  17:51  Fusion Core  
  160  17:52  Ghost x2  
  160  17:54  Missile Turret, Sensor Tower  
  160  17:56  Viking x2  
  160  17:58  SCV x3  
  173  18:04  Orbital Command  
  173  18:07  Marauder  
  169  18:14  SCV x3  
  169  18:15  Viking x2  
  176  18:20  Marine x2  
  176  18:22  Marauder x2  
  176  18:23  Marauder  
  179  18:36  Viking  
  179  18:37  Viking  
  179  18:40  Caduceus Reactor  
  183  18:44  Marauder x4  
  183  18:45  Viking x2  
  195  18:52  Marauder  
  194  19:03  SCV  
  194  19:05  Marauder x2  
  190  19:25  Marine x3, Marauder x3  
  190  19:27  Marauder x2  
  190  19:29  Marine  
  190  19:30  SCV, Marine x2  
  185  19:40  Medivac  
  185  19:43  Marine x2  
  183  19:46  Marauder x3  
  183  19:48  Command Center, Marauder x2  
  183  19:49  Command Center  
  184  20:01  Marine x6  
  184  20:05  SCV  
  190  20:07  Missile Turret  
  190  20:08  Marauder x3  
  190  20:10  Marauder x2  
  190  20:11  Medivac x4  
  186  20:19  Marine x3  
  187  20:25  SCV  
  187  20:27  SCV x2, Orbital Command  
  190  20:29  Marauder x3  
  190  20:31  Missile Turret, Marauder  
  190  20:32  Sensor Tower  
  198  20:36  Missile Turret, Sensor Tower  
  198  20:41  Medivac  
  199  21:02  SCV  
  175  21:07  SCV x6  
  177  21:14  SCV, Ghost x4  
  190  21:19  SCV x4  
  190  21:21  SCV  
  173  21:33  Marine x6, Marauder  
  173  21:34  Widow Mine  
  173  21:35  Widow Mine  
  165  21:43  SCV, Marine, Marauder x3  
  165  21:44  Orbital Command  
  169  21:50  Orbital Command  
  169  21:51  Marine x6  
  167  21:55  Marauder  
  167  21:58  Missile Turret  
  145  22:01  Marauder  
  145  22:04  Marine  
  145  22:05  Marauder  
  145  22:08  Marauder  
  148  22:09  Marine x2  
  146  22:16  Marauder  
  146  22:23  SCV x2  
  117  22:38  SCV  
  117  22:42  Marine  
  117  22:43  Marauder x3  
  110  22:45  SCV  
  99  23:00  Ghost  
  99  23:03  SCV  
  90  23:14  Marauder x4  
  90  23:18  Marine  
  99  23:23  SCV x2  
  99  23:25  Planetary Fortress  
  101  23:30  Marauder, Marine  
  101  23:31  Marine  
  105  23:35  Marauder, Ghost  
  86  24:06  Marine x7  
  86  24:09  SCV x3  
Show
View Real Time Build Order
Export as new Build Order

acheron Protoss - Winner!

Build Orders: 1 Gate Expand, Phoenix Opening, Blink Stalkers, Zealot Archon 

Get SALT Encoding   

  12  0:00  Probe  
  13  0:12  Probe  
  14  0:17  Pylon  
  14  0:23  Probe  
  15  0:31  Probe  
  15  0:36  Gateway  
  15  0:39  Probe  
  16  0:46  Assimilator  
  17  0:51  Probe  
  18  1:03  Probe  
  19  1:15  Probe  
  20  1:26  Cybernetics Core  
  21  1:37  Nexus  
  20  1:42  Pylon  
  20  1:46  Probe  
  21  1:56  Assimilator  
  21  1:58  Probe  
  22  2:05  Adept  
  22  2:08  Probe  
  24  2:11  Warp Gate  
  25  2:16  Probe  
  26  2:24  Probe  
  26  2:35  Twilight Council  
  26  2:36  Probe  
  27  2:46  Sentry, Probe  
  27  2:48  Probe  
  27  2:50  Gateway  
  31  2:55  Probe  
  31  2:58  Blink  
  31  3:00  Probe  
  31  3:05  Probe  
  35  3:12  Probe  
  35  3:17  Probe  
  36  3:20  Stalker  
  36  3:24  Probe  
  39  3:29  Probe  
  39  3:33  Pylon  
  40  3:37  Probe  
  40  3:41  Probe, Phoenix  
  42  3:49  Probe  
  42  3:53  Probe  
  44  3:57  Nexus  
  44  4:00  Stalker  
  44  4:01  Probe  
  44  4:02  Stalker  
  49  4:09  Probe  
  50  4:13  Probe  
  50  4:15  Pylon  
  50  4:20  Pylon  
  50  4:21  Probe  
  51  4:25  Probe  
  52  4:33  Assimilator, Probe  
  52  4:34  Assimilator  
  52  4:37  Probe  
  54  4:43  Stalker x2  
  56  4:45  Probe  
  56  4:49  Probe  
  57  4:55  Phoenix  
  57  4:58  Probe  
  56  5:01  Probe  
  57  5:10  Probe  
  57  5:13  Probe  
  59  5:15  Templar Archives  
  59  5:16  Forge  
  59  5:17  Probe  
  60  5:22  Probe  
  60  5:24  Robotics Facility, Protoss Ground Armor Level 1  
  60  5:25  Probe  
  62  5:29  Probe  
  62  5:33  Psionic Storm  
  62  5:34  Probe  
  64  5:38  Probe  
  64  5:41  Probe  
  66  5:46  Probe, Charge  
  67  5:50  Probe  
  67  5:53  Probe  
  69  5:58  Probe  
  69  5:59  Gateway  
  69  6:00  Gateway  
  69  6:02  Probe  
  69  6:03  Gateway  
  71  6:09  Gateway  
  66  6:18  Probe x2  
  64  6:24  High Templar x2, Immortal  
  66  6:27  Pylon  
  66  6:28  Probe  
  66  6:30  Pylon, Probe x2  
  73  6:40  Gateway  
  73  6:42  Probe  
  73  6:43  Probe  
  74  6:50  Pylon  
  74  6:52  Gateway  
  74  6:59  Zealot  
  74  7:00  Zealot x4  
  84  7:01  Probe x2  
  86  7:09  Pylon  
  86  7:10  Protoss Ground Weapons Level 1  
  85  7:24  Zealot x6  
  85  7:25  Archon  
  85  7:27  Probe x3  
  100  7:36  Assimilator x2  
  100  7:37  Nexus  
  100  7:39  Forge, Probe  
  101  7:44  Pylon  
  101  7:46  Probe x2  
  101  7:48  Pylon  
  101  7:49  High Templar x2  
  101  7:50  High Templar  
  107  7:51  Probe, Observer  
  107  7:54  Protoss Ground Armor Level 2  
  107  7:57  Pylon x2  
  107  7:58  Pylon  
  109  8:02  Probe  
  109  8:05  Probe x2, Observer  
  112  8:07  Pylon  
  112  8:11  Stalker x2  
  117  8:22  Observer x2  
  117  8:24  Stalker x3  
  117  8:25  High Templar  
  126  8:29  Probe x3  
  129  8:41  Probe x3  
  131  8:50  Zealot x7  
  131  8:53  Probe x3  
  148  8:59  Protoss Ground Weapons Level 2  
  148  9:03  Probe  
  148  9:05  Probe x2  
  148  9:07  Warp Prism  
  150  9:10  Probe  
  150  9:15  Observer, High Templar x5  
  163  9:17  Probe x2  
  163  9:18  Probe  
  163  9:22  Probe  
  167  9:27  Pylon, Nexus  
  167  9:39  Observer  
  168  9:57  Probe  
  168  9:58  Probe  
  170  10:01  Nexus  
  170  10:08  Protoss Ground Armor Level 3  
  170  10:20  Robotics Bay  
  168  10:23  Pylon  
  168  10:30  Gateway  
  168  10:34  Gateway  
  168  10:35  Nexus  
  168  10:36  Gateway  
  168  10:37  Gateway  
  168  10:38  Gateway, Nexus  
  168  10:39  Gateway, Nexus  
  168  10:40  Gateway  
  166  10:44  Gateway  
  165  10:51  Zealot x8  
  173  11:07  Robotics Facility  
  173  11:09  Robotics Facility  
  153  11:12  Protoss Ground Weapons Level 3  
  153  11:13  Observer  
  154  11:24  Zealot x8  
  162  11:36  Dark Shrine  
  162  11:38  Stalker x2  
  162  11:39  Stalker x5, Zealot  
  160  12:02  Colossus x3  
  160  12:05  Extended Thermal Lance  
  160  12:10  Stalker x6  
  160  12:11  Stalker x5  
  190  12:20  Assimilator  
  190  12:21  Assimilator  
  179  12:35  Probe x4  
  183  12:39  Probe  
  182  12:45  Protoss Shields Level 1  
  182  12:46  Archon  
  182  12:47  Probe, High Templar x4  
  165  13:06  Zealot x7  
  165  13:07  Zealot x5  
  165  13:10  Pylon  
  189  13:17  Pylon  
  189  13:33  Nexus  
  181  13:37  Colossus x3  
  179  14:05  Zealot x7  
  179  14:06  Zealot x3  
  199  14:10  Pylon  
  191  14:31  Shadow Stride  
  183  14:38  Zealot x8  
  199  14:46  Gateway x2  
  199  14:57  Observer  
  199  14:59  Disruptor x2  
  195  15:00  Disruptor  
  195  15:24  Assimilator  
  195  15:26  Assimilator  
  195  15:31  Unknown  
  140  16:05  Zealot x10  
  140  16:06  Zealot x6  
  140  16:07  Colossus x3  
  140  16:09  High Templar x2  
  138  16:26  Stalker x5  
  138  16:27  Stalker x6  
  138  16:28  Zealot x5  
  162  16:42  Assimilator  
  162  16:45  Assimilator, Zealot x2  
  164  16:49  Zealot x10  
  178  16:55  Zealot x6  
  178  17:07  Zealot x2  
  154  17:09  Colossus x3  
  154  17:11  Zealot x10  
  174  17:27  High Templar  
  174  17:28  High Templar x3  
  180  17:49  Probe x3  
  180  17:50  Probe x3  
  186  17:51  Probe  
  186  17:57  Nexus  
  155  18:14  Zealot x18  
  191  18:21  Nexus  
  189  18:44  Dark Templar x5  
  199  19:02  Dark Templar x3  
  199  19:06  Dark Templar  
  199  19:22  Archon x2  
  179  19:27  Zealot x14  
  151  19:39  Stalker x4  
  152  19:49  Zealot x14  
  152  19:50  Colossus x3  
  162  20:04  Stalker x4  
  162  20:06  Observer  
  182  20:13  Zealot x12  
  182  20:14  Zealot x2  
  168  20:20  Probe x2  
  168  20:21  Probe  
  171  20:30  Zealot x4  
  171  20:35  High Templar  
  179  20:49  Zealot x9  
  195  20:50  Zealot x2  
  179  21:06  Zealot x6  
  185  21:14  Zealot x7  
  179  21:28  Stalker x10  
  181  21:44  Zealot x8  
  165  22:12  Disruptor x2  
  171  22:21  Stalker x7  
  171  22:22  Zealot x9  
  169  22:39  Zealot x2  
  147  22:48  Zealot x13  
  147  22:49  Colossus, Zealot x3  
  147  22:50  Colossus x2  
  167  23:06  Pylon  
  153  23:20  Stalker x5  
  153  23:21  Zealot x12  
  153  23:22  Stalker  
  187  23:40  Pylon  
  185  23:43  Stalker  
  185  23:44  Stalker x6  
  180  24:09  Dark Templar x5  
  184  24:10  Dark Templar x8  
  184  24:15  Nexus  
Tags
 
Add a new tag
Caveats
  • Supply blocks, unpowered buildings, or Contaminate may cause inaccurate times.
  • Supply counts are checked every 10 seconds.